 Dungeon Crawl Stone Soup version 0.27-a0-1359-ga2a4dfd6fd (webtiles) character file.

Game seed: 8288109032282472287

89827 dinky3 the Fighter (level 15, 100/100 HPs)
             Began as a Gargoyle Fighter on June 28, 2021.
             Was the Champion of Cheibriados.
             Quit the game on level 6 of the Lair of Beasts.
             The game lasted 00:19:19 (27337 turns).

dinky3 the Fighter (Gargoyle Fighter)              Turns: 27337, Time: 00:19:19

Health: 100/100    AC: 36    Str: 42    XL:     15   Next: 98%
Magic:  24/24      EV: 12    Int: 27    God:    Cheibriados [******]
Gold:   1462       SH:  0    Dex: 30    Spells: 14/14 levels left

rFire    . . .     SeeInvis .   d - +10 great mace "Urchin" {freeze, +Rage Int+4 Dex+3}
rCold    + . .     Faith    .   (shield currently unavailable)
rNeg     + . .     Spirit   +   I - +4 plate armour
rPois    ∞         Reflect  .   (no helmet)
rElec    +         Harm     .   (no cloak)
rCorr    .         Rampage  .   g - +2 pair of gloves
Will     +....                  Z - +2 pair of boots
Stlth    ..........             o - amulet of guardian spirit
HPRegen  0.26/turn              k - ring "Valem" {rPois Slay+3}
MPRegen  0.19/turn              T - ring "Liyq" {rC+ Dex+3}

@: flying, very slow
A: sickness immunity, AC +11, big wings, negative energy resistance 1,
electricity resistance, torment resistance 1, petrification resistance,
iridescent scales 1, mutation resistance 1, no potion heal 1
a: Renounce Religion, Evoke Berserk Rage, Bend Time, Temporal Distortion,
Slouch, Step From Time


You were on level 6 of the Lair of Beasts.
You worshipped Cheibriados.
Cheibriados was exalted by your worship.
You visited 2 branches of the dungeon, and saw 21 of its levels.
You also visited: Ossuary and Ice Cave.

You collected 2436 gold pieces.
You spent 974 gold pieces at shops.

Inventory:

Hand Weapons
 a - the +8 flail of Suicidal Tendencies {freeze, Str+4}
   (You found it on level 7 of the Dungeon)

   It has been specially enchanted to freeze those struck by it, causing extra
   injury to most foes and up to half again as much damage against particularly
   susceptible opponents.
   It can also slow down cold-blooded creatures.
   Str:       It affects your strength (+4).
 d - the +10 great mace "Urchin" (weapon) {freeze, +Rage Int+4 Dex+3}
   (You found it on level 4 of the Lair of Beasts)

   It has been specially enchanted to freeze those struck by it, causing extra
   injury to most foes and up to half again as much damage against particularly
   susceptible opponents.
   It can also slow down cold-blooded creatures.
   Int:       It affects your intelligence (+4).
   Dex:       It affects your dexterity (+3).
   +Rage:     It lets you go berserk.
Missiles
 h - 8 atropa-tipped darts
 E - a curare-tipped dart (quivered)
Armour
 c - a +0 kite shield
 g - a +2 pair of gloves (worn)
 I - a +4 plate armour (worn)
 Y - +0 fire dragon scales
 Z - a +2 pair of boots (worn)
Magical Staves
 j - a staff of poison
Jewellery
 b - a ring of wizardry
 e - the amulet "Zatinnig" {Regen+ Str+3}
   (You acquired it in an ossuary)

   [amulet of regeneration]

   Str:       It affects your strength (+3).
   Regen:     It increases your rate of health regeneration.
 f - the amulet of Vatole {Reflect rElec rF+ SH+5}
   (You acquired it in an ossuary)

   [amulet of reflection]

   It reflects blocked missile attacks.rF: It protects you from fire.
   rElec:     It insulates you from electricity.
   SH:        It affects your SH (+5).
 k - the ring "Valem" (left hand) {rPois Slay+3}
   (You found it on level 13 of the Dungeon)

   [ring of poison resistance]

   Slay:      It affects your accuracy & damage with ranged weapons and melee
   (+3).
   rPois:     It protects you from poison.
 m - a ring of wizardry
 o - an amulet of guardian spirit (around neck)
 w - a ring of magical power
 B - a ring of fire
 F - an amulet of the acrobat
 H - a ring of wizardry
 R - a +4 ring of protection
 S - a +6 ring of dexterity
 T - the ring "Liyq" (right hand) {rC+ Dex+3}
   (You found it on level 14 of the Dungeon)

   [ring of protection from cold]

   Dex:       It affects your dexterity (+3).
   rC:        It protects you from cold.
 X - an amulet of magic regeneration
Wands
 q - a wand of charming (11)
 r - a wand of flame (88)
 y - a wand of paralysis (27)
 K - a wand of acid (16)
 M - a wand of iceblast (13)
 O - a wand of polymorph (19)
 U - a wand of digging (9)
 V - a wand of mindburst (23)
Scrolls
 l - 16 scrolls of teleportation
 p - 9 scrolls of magic mapping
 s - 2 scrolls of fear
 u - 6 scrolls of fog
 z - 2 scrolls of brand weapon
 C - 12 scrolls of identify
 D - 3 scrolls of blinking
 J - 3 scrolls of enchant weapon
 L - 3 scrolls of amnesia
 P - 6 scrolls of enchant armour
 W - 3 scrolls of holy word
Potions
 i - 3 potions of flight
 n - 2 potions of magic
 t - 3 potions of lignification
 v - 7 potions of curing
 x - 2 potions of brilliance
 A - 4 potions of heal wounds
 G - a potion of mutation
 N - 2 potions of ambrosia
 Q - 3 potions of attraction {unknown}


   Skills:
 + Level 14.2 Fighting
 * Level 13.7 Maces & Flails
 + Level 6.3 Armour
 + Level 3.2 Dodging
 - Level 13.3 Shields
 + Level 13.2 Invocations
 + Level 9.3 Evocations


You had 14 spell levels left.
You didn't know any spells.
Your spell library contained the following spells:

 Spells                   Type           Power      Damage    Failure   Level
 Animate Skeleton         Necr           0%         N/A       50%         1
 Apportation              Tloc           0%         N/A       50%         1
 Corona                   Hex            0%         N/A       50%         1
 Foxfire                  Conj/Fire      0%         2x1d4     50%         1
 Summon Small Mammal      Summ           0%         N/A       50%         1
 Call Imp                 Summ           0%         N/A       65%         2
 Ensorcelled Hibernation  Hex/Ice        0%         N/A       65%         2
 Slow                     Hex            0%         N/A       65%         2
 Static Discharge         Conj/Air       0%         N/A       65%         2
 Call Canine Familiar     Summ           0%         N/A       86%         3
 Confusing Touch          Hex            0%         N/A       86%         3
 Conjure Flame            Conj/Fire      0%         6-21      86%         3
 Dazzling Flash           Conj/Hex       0%         N/A       86%         3
 Inner Flame              Hex/Fire       0%         N/A       86%         3
 Portal Projectile        Hex/Tloc       0%         N/A       86%         3
 Summon Guardian Golem    Hex/Summ       0%         N/A       86%         3
 Tukima's Dance           Hex            0%         N/A       86%         3
 Cause Fear               Hex            0%         N/A       99%         4
 Ice Form                 Ice/Tmut       0%         N/A       99%         4
 Leda's Liquefaction      Hex/Erth       0%         N/A       99%         4
 Sticky Flame             Conj/Fire      0%         2d3       99%         4
 Summon Ice Beast         Ice/Summ       0%         N/A       99%         4
 Summon Lightning Spire   Summ/Air       0%         N/A       99%         4
 Fireball                 Conj/Fire      0%         3d3       100%        5
 Freezing Cloud           Conj/Ice/Air   0%         6-21      100%        5
 Lightning Bolt           Conj/Air       0%         1d11      100%        5
 Summon Forest            Summ/Tloc      0%         N/A       100%        5
 Summon Mana Viper        Hex/Summ       0%         N/A       100%        5
 Shadow Creatures         Summ           N/A        N/A       100%        6
 Simulacrum               Ice/Necr       0%         N/A       100%        6
 Ozocubu's Refrigeration  Ice            0%         4d5       100%        7
 Summon Hydra             Summ           0%         N/A       100%        7
 Ignition                 Fire           0%         3d3       100%        8
 Polar Vortex             Ice            0%         N/A       100%        9
 Shatter                  Erth           0%         3d5*      100%        9


Dungeon Overview and Level Annotations

Branches:
Dungeon (15/15)            Temple (0/1) D:4            Lair (6/6) D:11
  Swamp (0/4) Lair:4       Spider (0/4) Lair:4        Slime (0/5) Lair:5
    Orc (0/2) D:9          Vaults (0/5) D:14         Depths (0/5) D:15
Ossuary (visited)           IceCv (visited)

Altars:
Ashenzari
Cheibriados
Elyvilon
Fedhas
Hepliaklqana
Nemelex Xobeh
Qazlal
Uskayaw
Vehumet
Xom
Yredelemnul
Zin
The Shining One
Jiyva

Shops:
D:2 *   D:15 ?(

Annotations:
Lair:6 exclusion: oklob plant


Innate Abilities, Weirdness & Mutations

You are immune to sickness and miasma.
Your stone body is resilient. (AC +11)
You are immune to poison.
Your large and strong wings let you fly.
You resist negative energy. (rN+)
You are resistant to electric shocks. (rElec)
You are resistant to unholy torment.
You are immune to petrification.
You are partially covered in iridescent scales. (AC +2)
You are somewhat resistant to further mutation.
Potions are less effective at restoring your health.


Message History

You are too injured to fight recklessly!
You are too injured to fight recklessly!
You are too injured to fight recklessly!
You are too injured to fight recklessly!
You are too injured to fight recklessly!
You are too injured to fight recklessly!
You are too injured to fight recklessly!
You are too injured to fight recklessly!
You are too injured to fight recklessly!
You are too injured to fight recklessly!
You are too injured to fight recklessly!
You flatten the torpor snail like a pancake!!!
You freeze the torpor snail!
The torpor snail is almost dead.
The hornet barely misses you. The hornet closely misses you.
The torpor snail barely misses you.
You beat the hornet like a drum!!!
You freeze the hornet!
You kill the hornet!
Cheibriados thoroughly appreciates the change of pace.
The torpor snail bites you but does no damage.
You bludgeon the torpor snail!! You freeze the torpor snail.
You kill the torpor snail!
Cheibriados thoroughly appreciates the change of pace.
You feel yourself speed up.
You now have 1428 gold pieces (gained 15).
You see here a piece from Xom's chessboard (15/15).
You now have 1449 gold pieces (gained 21).
You start resting.
Magic restored.
Key pressed, stopping explore.
HP restored.
You now have 1462 gold pieces (gained 13).
You see here a +6 spectral quarterstaff.
You see here a hornet corpse.
You see here a lindwurm corpse.
Key pressed, stopping explore.
Key pressed, stopping explore.
You see here a +0 long sword.
Found a stone staircase leading up.
Are you sure you want to abandon this character and quit the game? (Confirm with "yes".)

##...#........# #### ###
##...#...)...######..#####.####
..#.###.#....P#......[..#.###.##
≈...####..................)....#
≈≈...##..............#.#...#####
≈≈....#.P............#.#####
≈...................####
≈...................#PP#####
.<....P#........@...P..#...####
≈....####....................P##
≈≈..## #.....................P#
≈.#..# #....................##*
≈#..## #.....................#
.....####....................##
.....#.......................P#
....##..[.<..........(........#
....#P.PPP...................##*#


There were no monsters in sight!

Vanquished Creatures
  A frost giant (IceCv)
  A fire dragon (D:15)
  7 hydras
  2 boulder beetles
  2 ice dragons (D:15)
  2 catoblepae
  8 two-headed ogres
  A death knight (D:14)
  Erica (D:8)
  5 centaur warriors
  Urug (D:14)
  The ghost of ThrustWizard the Cruncher, a novice DsGl of Okawaru (D:8)
  4 tengu warriors
  4 death yaks
  2 slime creatures (D:12)
  The ghost of Sweetruy1997 the Slicer, a novice PaFi of Qazlal (D:8)
  A skeletal warrior (D:14)
  The ghost of spiderkeys the Destroyer, a novice OpCj of Gozag (D:8)
  An orc knight (D:15)
  3 lindwurms (Lair:6)
  A harpy (shapeshifter) (D:10)
  A wolf spider (Lair:6)
  An oklob plant (Lair:5)
  5 cyclopes
  8 elephants
  A manticore (D:11)
  3 ugly things (D:15)
  7 black mambas
  2 unseen horrors
  A torpor snail (Lair:6)
  A gargoyle (D:13)
  10 cane toads
  3 rime drakes
  14 komodo dragons
  3 freezing wraiths
  An efreet (D:15)
  6 trolls
  2 hornets (Lair:6)
  23 polar bears
  4 raiju (Lair:6)
  7 dream sheep
  15 blink frogs
  Sigmund (D:4)
  16 humans (D:14)
  71 yaks
  2 wraiths
  A vampire (D:13)
  5 basilisks
  2 vampire mosquitoes (D:13)
  6 wargs (Lair:6)
  17 water moccasins
  3 acid dragons
  11 hell hounds (Lair:6)
  5 orc warriors
  3 sky beasts (D:7)
  11 black bears (Lair:6)
  10 ice beasts
  2 necrophages
  41 wolves
  An ogre (D:7)
  9 centaurs
  A kobold brigand (D:7)
  15 bullfrogs
  A wyvern zombie (D:9)
  9 scorpions
  A wyvern skeleton (D:6)
  15 killer bees
  3 howler monkeys
  8 wights
  4 electric eels
  3 human zombies
  4 centaur zombies
  4 jellies
  8 hounds
  5 orc priests
  A centaur skeleton (D:6)
  A gnoll shaman (D:5)
  Ijyb (D:5)
  3 iguanas
  6 orc wizards
  2 scorpion zombies
  3 killer bee zombies (D:9)
  2 hound skeletons (D:5)
  8 mummies
  6 adders
  9 gnolls
  3 river rats (Lair:3)
  2 white imps (D:5)
  2 ufetubi
  An adder skeleton (D:4)
  A worm (D:3)
  23 orcs
  10 endoplasms
  4 gnoll zombies (Ossuary)
  12 hobgoblins
  17 jackals
  8 quokkas
  10 ball pythons
  4 bats
  4 frilled lizards
  3 goblins (D:1)
  A goblin zombie (Ossuary)
  2 hobgoblin zombies (Ossuary)
  14 kobolds
  3 kobold zombies (Ossuary)
  3 rats
635 creatures vanquished.

Vanquished Creatures (others)
  20 fungi
  26 plants
46 creatures vanquished.

Grand Total: 681 creatures vanquished

Notes
Turn   | Place    | Note
-------+----------+-------------------------------------------
     0 | D:1      | dinky3 the Gargoyle Fighter began the quest for the Orb.
     0 | D:1      | Reached XP level 1. HP: 14/14 MP: 1/1
   657 | D:1      | Reached XP level 2. HP: 9/19 MP: 2/2
   944 | D:1      | Found a faded altar of an unknown god.
   957 | D:1      | Became a worshipper of Cheibriados the Contemplative
   957 | D:1      | Reached * piety under Cheibriados
  1019 | D:1      | Reached XP level 3. HP: 7/24 MP: 3/3
  1646 | D:1      | Reached ** piety under Cheibriados
  2376 | D:2      | Reached skill level 4 in Fighting
  2557 | D:2      | Found Kylor's Assorted Antiques.
  2577 | D:2      | Reached XP level 4. HP: 27/29 MP: 4/4
  2579 | D:2      | Bought a glowing sapphire potion for 17 gold pieces
  2579 | D:2      | Bought a bubbling dark potion for 17 gold pieces
  2579 | D:2      | Bought a scroll labelled RISMECR KOYLI for 19 gold pieces
  2601 | D:2      | Bought a scroll labelled UFUCOA QAZOC for 19 gold pieces
  2940 | D:2      | Reached *** piety under Cheibriados
  3028 | D:2      | Found a sparkling altar of Nemelex Xobeh.
  3430 | D:3      | Reached XP level 5. HP: 20/34 MP: 5/5
  4478 | D:4      | Reached **** piety under Cheibriados
  4537 | D:4      | Found a staircase to the Ecumenical Temple.
  4602 | D:4      | Noticed Sigmund
  4615 | D:4      | Killed Sigmund
  4616 | D:4      | Reached skill level 5 in Fighting
  4616 | D:4      | Reached skill level 5 in Shields
  4616 | D:4      | Reached XP level 6. HP: 40/40 MP: 6/6
  4619 | D:4      | Gained mutation: Potions are less effective at restoring
                  | your health. [potion of mutation]
  4619 | D:4      | Gained mutation: Your mind is acute. (Int +2) [potion of
                  | mutation]
  4649 | D:4      | Reached XP level 7. HP: 35/44 MP: 7/7
  4848 | D:4      | Reached skill level 1 in Invocations
  5159 | D:4      | Found a stormy altar of Qazlal.
  5393 | D:5      | Entered Level 5 of the Dungeon
  5405 | D:5      | Identified 3 scrolls of acquirement
  5405 | D:5      | Acquired 594 gold pieces
  5429 | D:5      | Reached skill level 6 in Fighting
  5493 | D:5      | Found a sand-covered staircase.
  5503 | Ossuary  | Entered an ossuary
  5663 | Ossuary  | Acquired the amulet "Zatinnig" {Regen+ Str+3}
  5671 | Ossuary  | Acquired the amulet of Vatole {Reflect rElec rF+ SH+5}
  5737 | Ossuary  | Reached skill level 5 in Maces & Flails
  5801 | Ossuary  | Reached XP level 8. HP: 51/51 MP: 9/9
  6068 | Ossuary  | Reached ***** piety under Cheibriados
  6276 | D:5      | Noticed Ijyb
  6283 | D:5      | Paralysed by Ijyb for 2 turns
  6288 | D:5      | Killed Ijyb
  6295 | D:5      | Reached skill level 7 in Fighting
  6866 | D:5      | Reached XP level 9. HP: 57/57 MP: 12/12
  7373 | D:5      | Found a hazy altar of Hepliaklqana.
  7671 | D:2      | Bought a tubular glass ring for 95 gold pieces
  7671 | D:2      | Bought a scroll of identify for 38 gold pieces
  7671 | D:2      | Bought a scroll of teleportation for 57 gold pieces
  7671 | D:2      | Bought a long brass wand for 76 gold pieces
  7671 | D:2      | Bought a runed flail for 123 gold pieces
  7964 | D:5      | Reached skill level 5 in Invocations
  8389 | D:6      | Lost mutation: Your mind is acute. (Int +2) [potion of
                  | mutation]
  8389 | D:6      | Gained mutation: You are partially covered in iridescent
                  | scales. (AC +2) [potion of mutation]
  8389 | D:6      | Gained mutation: You are somewhat resistant to further
                  | mutation. [potion of mutation]
  8429 | D:7      | Reached skill level 8 in Fighting
  8586 | D:7      | Found a white marble altar of Elyvilon.
  9061 | D:7      | Identified the +8 flail of Suicidal Tendencies {freeze,
                  | Str+4}
  9328 | D:7      | Identified the +1 ring mail of Kamegus {Will+ Stlth+}
  9398 | D:8      | Noticed Erica
  9418 | D:8      | Reached XP level 10. HP: 20/65 MP: 2/14
  9424 | D:8      | Killed Erica
  9425 | D:8      | Reached skill level 9 in Fighting
  9800 | D:8      | Noticed a two-headed ogre
  9810 | D:8      | Killed a two-headed ogre
 10167 | D:8      | Found a runed translucent gate.
 10167 | D:8      | Found a runed translucent gate.
 10167 | D:8      | Found a runed translucent gate.
 10170 | D:8      | Noticed spiderkeys's ghost (novice OpCj)
 10170 | D:8      | Noticed ThrustWizard's ghost (novice DsGl)
 10170 | D:8      | Noticed Sweetruy1997's ghost (novice PaFi)
 10627 | D:8      | Killed ThrustWizard's ghost
 10644 | D:8      | Killed spiderkeys's ghost
 10658 | D:8      | Killed Sweetruy1997's ghost
 10659 | D:8      | Reached XP level 11. HP: 60/72 MP: 17/17
 10754 | D:9      | Found a blossoming altar of Fedhas.
 10925 | D:9      | Reached skill level 10 in Fighting
 10928 | D:9      | Reached skill level 1 in Evocations
 10929 | D:9      | Reached skill level 10 in Shields
 11084 | D:9      | Identified the +2 ring mail of Xom's Generosity {Fly rF+
                  | Int+7}
 11224 | D:9      | Found a basalt altar of Yredelemnul.
 11502 | D:9      | Found a shimmering altar of Xom.
 11504 | D:9      | Found a radiant altar of Vehumet.
 11506 | D:9      | Found a broken altar of Ashenzari.
 12208 | D:9      | Found a staircase to the Orcish Mines.
 12265 | D:10     | Entered Level 10 of the Dungeon
 12344 | D:10     | Noticed a two-headed ogre
 12352 | D:10     | Killed a two-headed ogre
 12697 | D:10     | Found a hide-covered altar of Uskayaw.
 12697 | D:10     | Found a glowing silver altar of Zin.
 12704 | D:10     | Found a faded altar of an unknown god.
 12706 | D:10     | Found a glowing golden altar of the Shining One.
 12708 | D:10     | Found a faded altar of an unknown god.
 13054 | D:10     | Noticed a harpy
 13064 | D:10     | Killed a harpy
 13541 | D:11     | Reached ****** piety under Cheibriados
 13706 | D:11     | Noticed a two-headed ogre
 13721 | D:11     | Killed a two-headed ogre
 13722 | D:11     | Reached XP level 12. HP: 55/79 MP: 19/19
 13782 | D:11     | Reached skill level 11 in Fighting
 14033 | D:11     | Found a staircase to the Lair.
 14183 | D:11     | Reached skill level 10 in Maces & Flails
 14806 | D:12     | Noticed a four-headed hydra
 14813 | D:12     | Killed a four-headed hydra
 14822 | D:12     | Noticed a two-headed ogre
 14825 | D:12     | Killed a two-headed ogre
 15174 | D:12     | Reached skill level 10 in Invocations
 15492 | D:12     | Noticed a two-headed ogre
 15502 | D:12     | Killed a two-headed ogre
 15503 | D:12     | Reached skill level 5 in Evocations
 15938 | D:13     | Noticed a two-headed ogre
 15943 | D:13     | Killed a two-headed ogre
 15959 | D:13     | Noticed a centaur warrior
 15967 | D:13     | Killed a centaur warrior
 16081 | D:13     | Identified the ring "Valem" {rPois Slay+3}
 16101 | D:13     | Noticed a tengu warrior
 16101 | D:13     | Noticed a tengu warrior
 16106 | D:13     | Killed a tengu warrior
 16107 | D:13     | Reached XP level 13. HP: 74/85 MP: 15/20
 16280 | D:13     | Reached skill level 12 in Fighting
 16425 | D:13     | Found a hide-covered altar of Uskayaw.
 16625 | D:14     | Found a gate to the Vaults.
 16625 | D:14     | Noticed Urug
 16629 | D:14     | Killed Urug
 16736 | D:14     | Identified the ring "Liyq" {rC+ Dex+3}
 17341 | D:15     | Entered Level 15 of the Dungeon
 17658 | D:15     | Found Dotu's Antique Weapon Boutique.
 17677 | D:15     | Noticed a fire dragon
 17695 | D:15     | Killed a fire dragon
 18101 | D:15     | Found Dovis's Magic Scroll Shop.
 18107 | D:15     | Bought a scroll of enchant armour for 135 gold pieces
 18107 | D:15     | Bought a scroll of teleportation for 54 gold pieces
 18107 | D:15     | Bought 2 scrolls of holy word for 270 gold pieces
 18107 | D:15     | Bought a scroll of teleportation for 54 gold pieces
 18247 | D:15     | Noticed an ice dragon
 18263 | D:15     | Killed an ice dragon
 18264 | D:15     | Gained mutation: Your large and strong wings let you fly.
                  | [Gargoyle growth]
 18264 | D:15     | Reached XP level 14. HP: 53/92 MP: 15/22
 18542 | D:15     | Found a staircase to the Depths.
 19195 | Lair:1   | Entered Level 1 of the Lair of Beasts
 19449 | Lair:1   | Reached skill level 13 in Fighting
 22282 | Lair:4   | Identified the +9 flail of the Poles {antimagic, Str+4}
 22305 | Lair:4   | Identified the +10 great mace "Urchin" {freeze, +Rage Int+4
                  | Dex+3}
 22331 | Lair:4   | Found a hole to the Spider Nest.
 22478 | Lair:4   | Found a staircase to the Swamp.
 23340 | Lair:5   | Found a staircase to the Slime Pits.
 23340 | Lair:5   | Found a viscous altar of Jiyva.
 23756 | Lair:5   | Reached XP level 15. HP: 65/99 MP: 16/24
 24396 | Lair:6   | Entered Level 6 of the Lair of Beasts
 24498 | Lair:6   | Found a frozen archway.
 24511 | Lair:6   | Reached skill level 1 in Dodging
 24558 | IceCv    | Entered an ice cave
 24886 | IceCv    | Identified the +3 long sword "Lufrezor" {vorpal, rCorr
                  | Int+5}
 25050 | IceCv    | Reached skill level 5 in Armour
 25357 | IceCv    | Noticed a frost giant
 25374 | IceCv    | Killed a frost giant
 26184 | Lair:6   | Reached skill level 14 in Fighting
 27337 | Lair:6   | Quit the game

Illustrated notes

Levels and vault maps discovered:
D:1:      wander_arrival_desolate, layout_basic, ebering_ecumenical_altar_rust
D:2:      layout_basic, basic_altar, serial_shops, shop_fountains
D:3:      layout_basic
D:4:      layout_basic, lemuel_round_altar, minmay_temple_entry_from_below_a,
          uniq_sigmund
D:5:      layout_layer_cave, nzn_hepliaklqana_mist_gate,
          gup_ossuary_entry_pyramid, roderic_cross_of_infinity,
          kennysheep_decorative_pillar, uniq_ijyb
D:6:      layout_rooms, minmay_misc_feat_five, kennysheep_generic_room_2
D:7:      layout_loops_ring, nicolae_overflow_crystal_walls
D:8:      layout_basic, gammafunk_ghost_cemetery, uniq_erica
D:9:      layout_grid_maze, lemuel_mausoleum_altar_yredelemnul,
          overflow_temple_1_default, grunt_temple_overflow_open, orc_0_dummy,
          nicolae_wwwww
D:10:     layout_cave_pods, chequers_temple_overflow_minitemple, serial_rivers,
          chequers_serial_rivers_micro_e, chequers_serial_rivers_room_a,
          chequers_serial_rivers_marsh, chequers_serial_rivers_large_a
D:11:     layout_loops_cross, erik_lair_island
D:12:     layout_roguey
D:13:     layout_gridville, dancing_weapons_uskayaw
D:14:     layout_roguey, david_vaults_3, enter_bailey_8
D:15:     grunt_enter_depths_hoard, layout_stronghold,
          chequers_serial_rivers_micro_c, serial_shops, shop_statue,
          nicolae_square_shop
Lair:1:   layout_gridlike
Lair:2:   layout_loops_ring, grunt_megastairs_4
Lair:3:   layout_long_grid, pond
Lair:4:   layout_cellular_growth, swamp_mist, spider_nest_entry_webs,
          beast_lair_carwin_10
Lair:5:   layout_roguey, slime_altar_1
Lair:6:   hangedman_lair_caniforms_friends, layout_small_grid,
          hangedman_lair_in_review, portal_ice_cave_entry_ice_beasts,
          minmay_lair_oklob_bushes, st_stairs_8, infiniplex_staircase_pool

Skill      XL: |  1  2  3  4  5  6  7  8  9 10 11 12 13 14 15 |
---------------+----------------------------------------------+-----
Fighting       | 4 5 6 7 8 9 10 11 12 13 14 | 14.2
Shields        | 4 5 6 7 8 9 10 11 12 13 | 13.3
Maces & Flails | 3 4 5 6 7 8 9 10 11 12 13 | 13.7
Invocations    | 2 4 6 8 9 10 11 12 13 | 13.2
Evocations     | 3 5 7 8 9 |  9.3
Armour         | 4 6 |  6.3
Dodging        | 3 |  3.2

Action                   |  1- 3 |  4- 6 |  7- 9 | 10-12 | 13-15 || total
-------------------------+-------+-------+-------+-------+-------++-------
Melee: Flail             |   163 |   116 |   393 |   525 |   360 ||  1557
       Great mace        |       |       |       |       |   402 ||   402
Throw: Throwing net      |       |     1 |       |       |       ||     1
Invok: Slouch            |       |       |     1 |     3 |    10 ||    14
Evoke: Wand              |       |       |     1 |    11 |     5 ||    17
  Use: Potion            |     2 |     3 |     1 |       |     2 ||     8
       Scroll            |       |       |    24 |     3 |     3 ||    30
 Stab: Paralysed         |       |       |       |     7 |       ||     7
Armor: Scale mail        |    84 |       |       |       |       ||    84
       Plate armour      |    47 |    71 |   272 |   375 |   775 ||  1540
Dodge: Dodged            |    68 |    34 |   116 |   141 |   399 ||   758
Block: Kite shield       |   121 |    78 |   348 |   462 |   349 ||  1358

Table legend: (Time is in decaauts)
 A = Elapsed time spent in this place.
 B = Non-inter-level travel time spent in this place.
 C = Inter-level travel time spent in this place.
 D = Time resting spent in this place.
 E = Time spent auto-exploring this place.
 F = Levels seen in this place.
 G = Mean time per level.
                   A        B        C        D        E       F      G
               +--------+--------+--------+--------+--------+-----+--------+
         Total |  41640 |  39414 |   2226 |   3316 |  31253 |  23 | 1810.4 |
       Dungeon |  27938 |  26060 |   1878 |   2359 |  20583 |  15 | 1862.5 |
          Lair |  11493 |  11145 |    348 |    558 |   9449 |   6 | 1915.5 |
       Ossuary |    891 |    891 |      0 |    159 |    439 |   1 |  891.0 |
      Ice Cave |   1317 |   1317 |      0 |    240 |    781 |   1 | 1317.0 |
               +--------+--------+--------+--------+--------+-----+--------+

Top non-repeatable levels by time:
     D:1: 2843 daAuts
     D:5: 2719 daAuts
  Lair:6: 2692 daAuts
    D:15: 2562 daAuts
     D:9: 2460 daAuts
    D:10: 2082 daAuts
     D:8: 2021 daAuts
  Lair:4: 1978 daAuts
  Lair:5: 1966 daAuts
  Lair:3: 1933 daAuts
     D:7: 1892 daAuts
    D:12: 1763 daAuts
     D:4: 1728 daAuts
  Lair:2: 1624 daAuts
    D:11: 1622 daAuts
